TOP OF THE 1ST |
Burlington Bees batting - Pitching for Quad Cities River Bandits : RHP Russ Greer
|
Pitching: RHP Russ Greer
|
|
Batting: RHB Peter Westover
|
0-0: Swinging Strike 0-1: Ball 1-1: Called Strike 1-2: SINGLE (Groundball, 34D, EV 101.9 MPH)
|
Batting: RHB Dean LeCroy
|
0-0: Called Strike Peter Westover is caught stealing 2nd base 2-4 0-1: Ball 1-1: Foul Ball, location: 2F 1-2: Hit by Pitch
|
Batting: LHB Pavla Markianov
|
0-0: Ball 1-0: Called Strike 1-1: Ball 2-1: Ball 3-1: Swinging Strike 3-2: SINGLE (Line Drive, 9S, EV 113.1 MPH) Dean LeCroy to second
|
Batting: LHB Ramon Garduno
|
0-0: Called Strike 0-1: Ball 1-1: Foul Ball, location: 2F 1-2: Strikes out swinging
|
Batting: LHB Alberto Carrillo
|
0-0: Ball 1-0: Called Strike 1-1: Ball 2-1: Called Strike 2-2: Foul Ball, location: 2F 2-2: Ground out 4-3 (Groundball, 4, EV 88.1 MPH)
|
Top of the 1st over - 0 runs, 2 hits, 0 errors, 2 left on base; Burlington 0 - Quad Cities 0 |
BOTTOM OF THE 1ST |
Quad Cities River Bandits batting - Pitching for Burlington Bees : LHP Randy Boutilier
|
Pitching: LHP Randy Boutilier
|
|
Batting: RHB Omar Amaya
|
0-0: Ball 1-0: Called Strike 1-1: Ball 2-1: DOUBLE (Flyball, 89D, EV 98.1 MPH)
|
Batting: RHB Sean Mounts
|
0-0: TRIPLE (Flyball, 89XD, EV 103.8 MPH) Omar Amaya scores
|
Batting: RHB Duncan Collins
|
0-0: Ball 1-0: Foul Ball, location: 2F 1-1: Swinging Strike 1-2: Strikes out swinging
|
Batting: LHB Bob Dietz
|
0-0: Fly out, F8 (Line Drive, 8RD, EV 89.4 MPH)
|
Batting: RHB Cameron Rattenbury
|
0-0: Ball 1-0: Ball 2-0: Ground out 5-3 (Groundball, 56, EV 107.5 MPH)
|
Bottom of the 1st over - 1 run, 2 hits, 0 errors, 1 left on base; Burlington 0 - Quad Cities 1 |
TOP OF THE 2ND |
Burlington Bees batting - Pitching for Quad Cities River Bandits : RHP Russ Greer
|
Batting: SHB David Vigo
|
0-0: Ball 1-0: Called Strike 1-1: Swinging Strike 1-2: Ball 2-2: Ball 3-2: SINGLE (Groundball, 34D, EV 108.8 MPH)
|
Batting: RHB Rory Cobb
|
0-0: Called Strike 0-1: Ball 1-1: Swinging Strike 1-2: Ball Wild Pitch! David Vigo to second 2-2: SINGLE (Groundball, 34D, EV 100.0 MPH) David Vigo to third
|
Batting: RHB Arnaud Derosiers
|
0-0: Ball 1-0: Fly out, F9 (Flyball, 9LS, EV 86.9 MPH)
|
Batting: RHB Dan Burkhart
|
0-0: Called Strike 0-1: Ball 1-1: Swinging Strike 1-2: Foul Ball, location: 2F 1-2: Ball 2-2: Foul Ball, location: 2F 2-2: 3-RUN HOME RUN (Flyball, 7LD, EV 113.1 MPH), Distance : 409 ft
|
Batting: RHB Peter Westover
|
0-0: Foul Ball, location: 2F 0-1: Ball 1-1: Ball 2-1: Foul Ball, location: 2F 2-2: Foul Ball, location: 2F 2-2: Foul Ball, location: 2F 2-2: Ground out 5-3 (Groundball, 56S, EV 68.8 MPH)
|
Batting: RHB Dean LeCroy
|
0-0: Ground out 5-3 (Groundball, 56, EV 91.2 MPH)
|
Top of the 2nd over - 3 runs, 3 hits, 0 errors, 0 left on base; Burlington 3 - Quad Cities 1 |
BOTTOM OF THE 2ND |
Quad Cities River Bandits batting - Pitching for Burlington Bees : LHP Randy Boutilier
|
Batting: RHB Andrew Pride
|
0-0: Ball 1-0: Called Strike 1-1: Called Strike 1-2: Ground out 5-3 (Groundball, 5S, EV 79.4 MPH)
|
Batting: RHB Yoshitoshi Mori
|
0-0: Ball 1-0: Ball 2-0: Called Strike 2-1: Foul Ball, location: 2F 2-2: Strikes out swinging
|
Batting: RHB Oren Jones
|
0-0: Foul Ball, location: 2F 0-1: Called Strike 0-2: Ball 1-2: Ball 2-2: Ground out U3 (Groundball, 34S, EV 75.0 MPH)
|
Bottom of the 2nd over - 0 runs, 0 hits, 0 errors, 0 left on base; Burlington 3 - Quad Cities 1 |
TOP OF THE 3RD |
Burlington Bees batting - Pitching for Quad Cities River Bandits : RHP Russ Greer
|
Batting: LHB Pavla Markianov
|
0-0: Foul Ball, location: 2F 0-1: Ball 1-1: SINGLE (Flyball, 7LS, EV 94.4 MPH)
|
Batting: LHB Ramon Garduno
|
0-0: Called Strike 0-1: Foul Ball, location: 2F 0-2: Strikes out swinging
|
Batting: LHB Alberto Carrillo
|
0-0: Ball 1-0: Ball Pavla Markianov steals 2nd base 2-0: Called Strike 2-1: Foul Ball, location: 2F 2-2: Strikes out swinging
|
Batting: SHB David Vigo
|
0-0: Foul Ball, location: 2F 0-1: Ground out 4-3 (Groundball, 4, EV 81.2 MPH)
|
Top of the 3rd over - 0 runs, 1 hit, 0 errors, 1 left on base; Burlington 3 - Quad Cities 1 |
BOTTOM OF THE 3RD |
Quad Cities River Bandits batting - Pitching for Burlington Bees : LHP Randy Boutilier
|
Batting: SHB Benoît Morin
|
0-0: Ball 1-0: Called Strike 1-1: DOUBLE (Line Drive, 3D, EV 100.0 MPH)
|
Batting: RHB Omar Amaya
|
0-0: Called Strike 0-1: Ball 1-1: Fly out, F8 (Flyball, 8LXD, EV 105.0 MPH) Runner from 2nd tags up, SAFE at 3rd, no throw by CF
|
Batting: RHB Sean Mounts
|
0-0: Called Strike 0-1: Swinging Strike 0-2: Ball 1-2: SINGLE (Groundball, 6MD, EV 103.1 MPH) Benoît Morin scores
|
Batting: RHB Duncan Collins
|
0-0: Called Strike 0-1: Called Strike 0-2: Strikes out swinging
|
Batting: LHB Bob Dietz
|
0-0: Ball 1-0: Called Strike 1-1: Called Strike Sean Mounts is caught stealing 2nd base 2-6
|
Bottom of the 3rd over - 1 run, 2 hits, 0 errors, 0 left on base; Burlington 3 - Quad Cities 2 |
TOP OF THE 4TH |
Burlington Bees batting - Pitching for Quad Cities River Bandits : RHP Russ Greer
|
Batting: RHB Rory Cobb
|
0-0: Swinging Strike 0-1: Ball 1-1: Foul Ball, location: 2F 1-2: Strikes out swinging
|
Batting: RHB Arnaud Derosiers
|
0-0: SINGLE (Line Drive, 6M, EV 98.8 MPH)
|
Batting: RHB Dan Burkhart
|
0-0: Swinging Strike 0-1: Ball 1-1: Ball 2-1: Fly out, F8 (Line Drive, 89M, EV 102.5 MPH)
|
Batting: RHB Peter Westover
|
0-0: Ball 1-0: Ball 2-0: Ball 3-0: Called Strike 3-1: Base on Balls Arnaud Derosiers to second
|
Batting: RHB Dean LeCroy
|
0-0: Called Strike 0-1: SINGLE (Groundball, 56D, EV 99.4 MPH) Arnaud Derosiers to third Peter Westover to second Runner from 3rd tries for Home, SAFE, throw by LF to home
|
Batting: LHB Pavla Markianov
|
0-0: Called Strike 0-1: Foul Ball, location: 2F 0-2: Ball 1-2: Strikes out swinging
|
Top of the 4th over - 1 run, 2 hits, 0 errors, 2 left on base; Burlington 4 - Quad Cities 2 |
BOTTOM OF THE 4TH |
Quad Cities River Bandits batting - Pitching for Burlington Bees : LHP Randy Boutilier
|
Batting: LHB Bob Dietz
|
0-0: Ball 1-0: Ball 2-0: Called Strike 2-1: SINGLE (Groundball, 56D, EV 108.1 MPH)
|
Batting: RHB Cameron Rattenbury
|
0-0: Ball 1-0: Ball 2-0: Swinging Strike 2-1: Ball 3-1: Foul Ball, location: 2F 3-2: Base on Balls Bob Dietz to second
|
Batting: RHB Andrew Pride
|
0-0: Called Strike 0-1: Ball 1-1: Swinging Strike 1-2: Foul Ball, location: 2F 1-2: Fly out, F8 (Flyball, 8RD, EV 96.2 MPH) Runner from 2nd tags up, SAFE at 3rd with throw by CF
|
Batting: RHB Yoshitoshi Mori
|
0-0: Fly out, F7 (Flyball, 78S, EV 80.0 MPH)
|
Batting: RHB Oren Jones
|
0-0: Foul Ball, location: 2F 0-1: Ball 1-1: Ground out 6-3 (Groundball, 6S, EV 68.8 MPH)
|
Bottom of the 4th over - 0 runs, 1 hit, 0 errors, 2 left on base; Burlington 4 - Quad Cities 2 |
TOP OF THE 5TH |
Burlington Bees batting - Pitching for Quad Cities River Bandits : RHP Russ Greer
|
Batting: LHB Ramon Garduno
|
0-0: Called Strike 0-1: Foul Ball, location: 2F 0-2: Strikes out swinging
|
Batting: LHB Alberto Carrillo
|
0-0: Foul Ball, location: 2F 0-1: Fly out, F3 (Flyball, 3D, EV 91.9 MPH)
|
Batting: SHB David Vigo
|
0-0: Foul Ball, location: 2F 0-1: Foul Ball, location: 2F 0-2: Strikes out swinging
|
Top of the 5th over - 0 runs, 0 hits, 0 errors, 0 left on base; Burlington 4 - Quad Cities 2 |
BOTTOM OF THE 5TH |
Quad Cities River Bandits batting - Pitching for Burlington Bees : LHP Randy Boutilier
|
Batting: SHB Benoît Morin
|
0-0: Ball 1-0: Ball 2-0: DOUBLE (Groundball, 3L, EV 103.8 MPH)
|
Batting: RHB Omar Amaya
|
0-0: Called Strike 0-1: Ball 1-1: Ball 2-1: Foul Ball, location: 2F 2-2: Fly out, F8 (Flyball, 78M, EV 94.4 MPH)
|
Batting: RHB Sean Mounts
|
0-0: Called Strike 0-1: Called Strike 0-2: Foul Ball, location: 2F 0-2: Ball 1-2: Foul Ball, location: 2F 1-2: Ball 2-2: Foul Ball, location: 2F 2-2: Ball 3-2: Foul Ball, location: 2F 3-2: 2-RUN HOME RUN (Line Drive, 7D, EV 98.1 MPH), Distance : 388 ft
|
Pitching: RHP Devin Spears
|
|
Batting: RHB Duncan Collins
|
0-0: Called Strike 0-1: SOLO HOME RUN (Flyball, 78XD, EV 108.1 MPH), Distance : 433 ft
|
Batting: LHB Bob Dietz
|
0-0: Ball 1-0: Ball 2-0: Foul Ball, location: 2F 2-1: Ball 3-1: Base on Balls
|
Batting: RHB Cameron Rattenbury
|
0-0: Ball 1-0: Called Strike 1-1: Called Strike 1-2: 2-RUN HOME RUN (Flyball, 89XD, EV 108.1 MPH), Distance : 425 ft
|
Pitching: LHP Paul Griffin
|
|
Batting: RHB Andrew Pride
|
0-0: Ground out 5-3 (Groundball, 5, EV 89.4 MPH)
|
Batting: RHB Yoshitoshi Mori
|
0-0: Fly out, F8 (Flyball, 8RD, EV 101.9 MPH)
|
Bottom of the 5th over - 5 runs, 4 hits, 0 errors, 0 left on base; Burlington 4 - Quad Cities 7 |
TOP OF THE 6TH |
Burlington Bees batting - Pitching for Quad Cities River Bandits : RHP Russ Greer
|
Batting: RHB Rory Cobb
|
0-0: Ball 1-0: Ball 2-0: Called Strike 2-1: SINGLE (Groundball, 6MS, EV 66.9 MPH) (infield hit)
|
Pitching: RHP Brian Trejo
|
|
Batting: RHB Arnaud Derosiers
|
0-0: Foul Ball, location: 2F 0-1: Grounds into double play, 5-4-3 (Groundball, 5, EV 91.2 MPH)
|
Batting: RHB Dan Burkhart
|
0-0: Called Strike 0-1: Foul Ball, location: 2F 0-2: Foul Ball, location: 2F 0-2: Ground out 3-1 (Groundball, 34, EV 100.6 MPH)
|
Top of the 6th over - 0 runs, 1 hit, 0 errors, 0 left on base; Burlington 4 - Quad Cities 7 |
BOTTOM OF THE 6TH |
Quad Cities River Bandits batting - Pitching for Burlington Bees : LHP Paul Griffin
|
Batting: RHB Oren Jones
|
0-0: Foul Ball, location: 2F 0-1: Swinging Strike 0-2: Strikes out looking
|
Batting: SHB Benoît Morin
|
0-0: Ball 1-0: Ball 2-0: Swinging Strike 2-1: Ground out 6-3 (Groundball, 6M, EV 83.8 MPH)
|
Batting: RHB Omar Amaya
|
0-0: Called Strike 0-1: Fly out, F6 (Line Drive, 6M, EV 71.2 MPH)
|
Bottom of the 6th over - 0 runs, 0 hits, 0 errors, 0 left on base; Burlington 4 - Quad Cities 7 |
TOP OF THE 7TH |
Burlington Bees batting - Pitching for Quad Cities River Bandits : RHP Brian Trejo
|
Batting: RHB Peter Westover
|
0-0: Called Strike 0-1: Ball 1-1: Called Strike 1-2: Ball 2-2: Ball 3-2: Foul Ball, location: 2F 3-2: Foul Ball, location: 2F 3-2: Base on Balls
|
Batting: RHB Dean LeCroy
|
0-0: Ball 1-0: Ball 2-0: Foul Ball, location: 2F 2-1: Ball 3-1: Base on Balls Peter Westover to second
|
Batting: LHB Pavla Markianov
|
0-0: Ball Wild Pitch! Peter Westover to third Dean LeCroy to second 1-0: Called Strike 1-1: Swinging Strike 1-2: Strikes out swinging
|
Batting: LHB Ramon Garduno
|
0-0: Foul Ball, location: 2F 0-1: Ball 1-1: Called Strike 1-2: SINGLE (Groundball, 25, EV 63.8 MPH) (infield hit)
|
Batting: LHB Alberto Carrillo
|
0-0: Ball 1-0: Swinging Strike 1-1: Swinging Strike 1-2: Ball 2-2: Ball 3-2: SINGLE (Groundball, 6D, EV 95.6 MPH) Peter Westover scores Dean LeCroy to third Ramon Garduno to second Runner from 3rd tries for Home, throw by CF and OUT! 8-2
|
Batting: SHB David Vigo
|
0-0: Called Strike 0-1: Foul Ball, location: 2F 0-2: Ball 1-2: Ball Wild Pitch! Ramon Garduno to third Alberto Carrillo to second 2-2: Strikes out swinging
|
Top of the 7th over - 1 run, 2 hits, 0 errors, 2 left on base; Burlington 5 - Quad Cities 7 |
BOTTOM OF THE 7TH |
Quad Cities River Bandits batting - Pitching for Burlington Bees : LHP Paul Griffin
|
Batting: RHB Sean Mounts
|
0-0: Ball 1-0: Ball 2-0: Ball 3-0: Base on Balls
|
Batting: RHB Duncan Collins
|
0-0: Ball 1-0: Ball 2-0: Foul Ball, location: 2F 2-1: Grounds into double play, 6-4-3 (Groundball, 6, EV 97.5 MPH)
|
Batting: LHB Bob Dietz
|
0-0: Called Strike 0-1: Called Strike 0-2: Strikes out swinging, 2-3 out at first.
|
Bottom of the 7th over - 0 runs, 0 hits, 0 errors, 0 left on base; Burlington 5 - Quad Cities 7 |
TOP OF THE 8TH |
Burlington Bees batting - Pitching for Quad Cities River Bandits : RHP Brian Trejo
|
Pitching: RHP Kevin Zika
|
|
Batting: RHB Rory Cobb
|
0-0: Called Strike 0-1: Swinging Strike 0-2: Foul Ball, location: 2F 0-2: Foul Ball, location: 2F 0-2: Strikes out swinging
|
Batting: RHB Arnaud Derosiers
|
0-0: Called Strike 0-1: Ball 1-1: Ground out 5-3 (Groundball, 5L, EV 100.0 MPH)
|
Batting: RHB Dan Burkhart
|
0-0: Ball 1-0: Ground out 6-3 (Groundball, 6, EV 102.5 MPH)
|
Top of the 8th over - 0 runs, 0 hits, 0 errors, 0 left on base; Burlington 5 - Quad Cities 7 |
BOTTOM OF THE 8TH |
Quad Cities River Bandits batting - Pitching for Burlington Bees : LHP Paul Griffin
|
Batting: RHB Cameron Rattenbury
|
0-0: Ball 1-0: Ball 2-0: Foul Ball, location: 2F 2-1: Ground out U3 (Groundball, 34S, EV 76.2 MPH)
|
Batting: RHB Andrew Pride
|
0-0: Called Strike 0-1: Ball 1-1: Ground out 6-3 (Groundball, 6, EV 85.6 MPH)
|
Batting: RHB Yoshitoshi Mori
|
0-0: Called Strike 0-1: Fly out, F8 (Flyball, 8LS, EV 83.1 MPH)
|
Bottom of the 8th over - 0 runs, 0 hits, 0 errors, 0 left on base; Burlington 5 - Quad Cities 7 |
TOP OF THE 9TH |
Burlington Bees batting - Pitching for Quad Cities River Bandits : RHP Kevin Zika
|
Batting: RHB Peter Westover
|
0-0: Ball 1-0: Ball 2-0: Foul Ball, location: 2F 2-1: Ball 3-1: Called Strike 3-2: SOLO HOME RUN (Flyball, 9LD, EV 95.0 MPH), Distance : 363 ft
|
Batting: RHB Dean LeCroy
|
0-0: Ball 1-0: Ball 2-0: Called Strike 2-1: Called Strike 2-2: Strikes out swinging
|
Pitching: RHP Jose Herrera
|
|
Batting: LHB Pavla Markianov
|
0-0: Swinging Strike 0-1: Ball 1-1: Ball 2-1: Foul Ball, location: 2F 2-2: Strikes out looking
|
Batting: LHB Ramon Garduno
|
0-0: Ball 1-0: Called Strike 1-1: Ball 2-1: Ground out 6-3 (Groundball, 56, EV 86.9 MPH)
|
Top of the 9th over - 1 run, 1 hit, 0 errors, 0 left on base; Burlington 6 - Quad Cities 7 |
|